 Dungeon Crawl Stone Soup version 0.19-a0-1401-g902f63d (webtiles) character file.

364 4thArraOfDagon the Ruffian (level 6, -2/53 HPs)
             Began as a Troll Ice Elementalist on Sept 4, 2016.
             Was an Initiate of Ashenzari.
             Slain by an ice beast (11 damage)
             ... on level 7 of the Dungeon.
             The game lasted 00:04:33 (895 turns).

4thArraOfDagon the Ruffian (Troll Ice Elementalist)  Turns: 895, Time: 00:04:34

Health: -2/53      AC:  6    Str: 17    XL:     6   Next: 39%
Magic:  6/6        EV: 10    Int: 13    God:    Ashenzari [......]
Gold:   26         SH:  0    Dex: 10    Spells: 1 memorised, 6 levels left

rFire  . . .     SeeInvis .       - Unarmed
rCold  . . .     Gourm    +     a - +0 robe
rNeg   . . .     Faith    .     (no shield)
rPois  .         Spirit   .     (helmet restricted)
rElec  .         Dismiss  .     k - +0 cloak
rCorr  .         Reflect  .     (gloves unavailable)
MR     .....     Harm     .     (boots unavailable)
Stlth  +.........               (no amulet)
                                (no ring)
                                (no ring)

@: no status effects
A: unfitting armour, claws 3, fast metabolism 3, gourmand, regeneration 1,
shaggy fur 1, tough skin 2
a: Curse Item, Renounce Religion


You were on level 7 of the Dungeon.
You worshipped Ashenzari.
Ashenzari was noncommittal.
You were very full.

You visited 1 branch of the dungeon, and saw 8 of its levels.

You collected 78 gold pieces.
You spent 52 gold pieces at shops.

Inventory:

Armour
 a - a +0 robe (worn)
 k - a +0 cloak (worn)
Wands
 j - a wand of lightning (5/15)
Scrolls
 e - a scroll of random uselessness {unknown}
 g - a scroll of enchant weapon {unknown}
 i - a scroll of noise {unknown}
 n - a scroll of fog
Potions
 d - a potion of brilliance
 h - 3 potions of curing
 l - a potion of flight
 m - 2 potions of might
Books
 b - a book of Frost

   Spells                             Type                      Level
   a - Freeze                         Ice                          1
   b - Throw Frost                    Conjuration/Ice              2
   c - Ozocubu's Armour               Charms/Ice                   3
   d - Throw Icicle                   Conjuration/Ice              4
   e - Summon Ice Beast               Ice/Summoning                4
Comestibles
 c - 2 bread rations
 f - 3 meat rations


   Skills:
 - Level 1.5 Dodging
 - Level 1.1 Stealth
 * Level 6.4 Unarmed Combat
 - Level 1.2 Spellcasting
   Level 0.6 Conjurations
 - Level 2.1 Ice Magic


You had 6 spell levels left.
You knew the following spells:

 Your Spells              Type           Power        Failure   Level  Hunger
a - Freeze                Ice            #...         12%         1    ##.....


Dungeon Overview and Level Annotations

Branches:
Dungeon (8/15)             Temple (0/1) D:6
   Lair: D:8-11

Altars:
Ashenzari
Dithmenos
Hepliaklqana
Makhleb
The Shining One

Shops:
D:6 *


Innate Abilities, Weirdness & Mutations

You are too large for most types of armour.
You have claws for hands.
Your metabolism is lightning-fast.
You like to eat raw meat.
Your natural rate of healing is unusually fast.
You are covered in fur. (AC +1)
You have very tough skin. (AC +2)


Message History

You closely miss the ice beast.
The ice beast is heavily wounded.
You scratch the ice beast but do no damage.
The ice beast is heavily wounded.
The ice beast hits you. The ice beast freezes you.
You scratch the ice beast.
The ice beast is heavily wounded.
The ice beast hits you but does no damage.
You barely miss the ice beast.
The ice beast is heavily wounded.
The ice beast hits you. The ice beast freezes you!
* * * LOW HITPOINT WARNING * * *
You are too injured to fight recklessly!
You are too injured to fight recklessly!
You scratch the ice beast.
The ice beast is heavily wounded.
The ice beast hits you.
* * * LOW HITPOINT WARNING * * *
The ice beast freezes you!
You die...

....#.# #..##.#
###...####.##.####
#.
##..............
... ##.####..#.###
#... #.# #.....#
#..# #.# #.##..#
#.(# #.##..
##.####..# #....#
#......##### #..##
##..@Y/..... #.#
#.###.$..## #.
...# ##... .!.##.
# ###. . # #.


You could see an ice beast.

Vanquished Creatures
  A hungry ghost (D:6)
  A centaur (D:5)
  A hound (D:7)
  An iguana (D:6)
  A hound zombie (D:6)
  A hound skeleton (D:6)
  2 adders
  A shadow imp (D:6)
  An adder zombie (D:6)
  2 worms (D:2)
  A giant gecko (D:2)
  6 orcs
  3 giant cockroaches
  A goblin (D:2)
  2 hobgoblins
  4 jackals
  A kobold (D:3)
  2 quokkas (D:6)
  A giant newt (D:3)
  5 rats
38 creatures vanquished.

Notes
Turn   | Place    | Note
-------+----------+-------------------------------------------
     0 | D:1      | 4thArraOfDagon the Troll Ice Elementalist began the quest for the Orb.
     0 | D:1      | Reached XP level 1. HP: 16/16 MP: 1/1
     5 | D:1      | You fall through a shaft!
    23 | D:2      | Reached skill level 1 in Unarmed Combat
    51 | D:2      | Reached XP level 2. HP: 14/24 MP: 2/2
    98 | D:2      | Reached skill level 2 in Unarmed Combat
   208 | D:3      | Reached XP level 3. HP: 31/31 MP: 3/3
   228 | D:3      | You fall through a shaft!
   316 | D:4      | Found a shattered altar of Ashenzari.
   319 | D:4      | Became a worshipper of Ashenzari the Shackled
   329 | D:5      | Entered Level 5 of the Dungeon
   403 | D:6      | Reached skill level 3 in Unarmed Combat
   435 | D:6      | Found a hazy altar of Hepliaklqana.
   468 | D:6      | Reached XP level 4. HP: 39/39 MP: 4/4
   498 | D:6      | Found a burning altar of Makhleb.
   513 | D:6      | Noticed a hungry ghost
   547 | D:6      | Killed a hungry ghost
   547 | D:6      | Reached skill level 5 in Unarmed Combat
   547 | D:6      | Reached XP level 5. HP: 35/45 MP: 5/5
   639 | D:5      | Found a glowing golden altar of the Shining One.
   640 | D:5      | Noticed a centaur
   655 | D:5      | Killed a centaur
   655 | D:5      | Reached skill level 6 in Unarmed Combat
   655 | D:5      | Reached XP level 6. HP: 43/53 MP: 6/6
   760 | D:8      | Noticed a two-headed ogre
   770 | D:7      | Found a shadowy altar of Dithmenos.
   781 | D:6      | Found a staircase to the Ecumenical Temple.
   800 | D:6      | Found Rerchieps's General Store.
   833 | D:6      | Bought a scroll of fog for 26 gold pieces
   833 | D:6      | Bought a scroll of identify for 26 gold pieces
   883 | D:7      | Noticed an ice beast
   895 | D:7      | Slain by an ice beast

Vault maps used:
D:1:      dpeg_arrival_round_c
D:3:      zin_statuary, first_bread, uniq_terence
D:4:      ashenzari_conservatory_becter, uniq_robin
D:5:      wad_river_or_something, old_standard_altar, vehumet_statue,
          nicolae_qazlal_general_emergency
D:6:      kennysheep_little_box, basic_altar, serial_shops,
          nicolae_shop_waterfront, led_sif_book
D:7:      grunt_dithmenos_smoke_and_mirrors, dk_yredelemnul_ordeal
D:8:      dpeg_lair_monsters, serial_shops, nicolae_shop_trees

Skill      XL: |  1  2  3  4  5 |
---------------+----------------+-----
Unarmed Combat | 1 2 3 5 6 |  6.4
Dodging        | |  1.5
Stealth        | |  1.1
Spellcasting   | |  1.2
Conjurations   | |  0.6
Ice Magic      | |  2.1

Action                   |  1- 3 |  4- 6 || total
-------------------------+-------+-------++-------
Melee: Unarmed           |    92 |    70 ||   162
       Punch             |     2 |     2 ||     4
  Use: Scroll            |       |     4 ||     4
 Stab: Sleeping          |     1 |       ||     1
  Eat: Chunk             |     1 |    11 ||    12
       Bread ration      |       |     1 ||     1
Armor: Robe              |    30 |    24 ||    54
Dodge: Dodged            |    47 |    29 ||    76
